PL
PORTLAND EVERGREENS @ NORTHERN VIRGINIA RAINBOW MERMAIDS
09/21/2042
 
TOP OF THE 1ST
Portland Evergreens batting - Pitching for Northern Virginia Rainbow Mermaids : RHP Jason Starkey
Pitching: RHP Jason Starkey
Batting: RHB Richard Jost 0-0: Ball
1-0: Ball
2-0: Swinging Strike
2-1: Ball
3-1: Foul Ball, location: 2F
3-2: Foul Ball, location: 2F
3-2: SINGLE (Line Drive, 6MD, EV 104.4 MPH)
Batting: LHB Fernando Soto 0-0: Called Strike
0-1: Foul Ball, location: 2F
0-2: Ball
1-2: SINGLE (Line Drive, 7S, EV 104.4 MPH)
Richard Jost to second
Batting: RHB Kameron Guangorena 0-0: Called Strike
0-1: SINGLE (Groundball, 34D, EV 107.5 MPH)
Richard Jost to third
Fernando Soto to second
Batting: SHB Tetsu Matsumoto 0-0: Called Strike
0-1: Foul Ball, location: 2F
0-2: Strikes out looking
Batting: RHB Karl Blanke 0-0: Foul Ball, location: 2F
0-1: Ball
1-1: Grounds into double play, 5-4-3 (Groundball, 5, EV 86.9 MPH)
Top of the 1st over - 0 runs, 3 hits, 0 errors, 2 left on base; Portland 0 - Northern Virginia 0
BOTTOM OF THE 1ST
Northern Virginia Rainbow Mermaids batting - Pitching for Portland Evergreens : RHP Robert Smalls
Pitching: RHP Robert Smalls
Batting: LHB Jeff Washington 0-0: Swinging Strike
0-1: Swinging Strike
0-2: Foul Ball, location: 2F
0-2: SINGLE (Groundball, 4MD, EV 103.8 MPH)
Batting: LHB Tony Goodwin 0-0: Ball
1-0: Called Strike
Jeff Washington steals 2nd base (no throw)
1-1: Called Strike
1-2: Ball
2-2: Ground out U3 (Groundball, 3L, EV 82.5 MPH)
Jeff Washington to third
Batting: RHB Manuel Márquez 0-0: SINGLE (Groundball, 56D, EV 106.2 MPH)
Jeff Washington scores
Batting: LHB Javier Seco 0-0: Ball
1-0: Called Strike
1-1: Ball
2-1: Swinging Strike
2-2: Ball
3-2: Base on Balls
Manuel Márquez to second
Batting: RHB Dao-zi Zhan 0-0: Foul Ball, location: 2F
0-1: Swinging Strike
0-2: Foul Ball, location: 2F
0-2: Ball
1-2: Ball
2-2: Strikes out swinging
Batting: LHB Bill Dixon 0-0: DOUBLE (Line Drive, 89D, EV 108.1 MPH)
Manuel Márquez scores
Javier Seco to third
Batting: LHB Dewitt Hopper 0-0: Swinging Strike
0-1: Ball
1-1: Ball
2-1: Ball
3-1: Base on Balls
Batting: LHB Sherman Kline 0-0: Called Strike
0-1: Swinging Strike
0-2: Ball
1-2: Foul Ball, location: 2F
1-2: Ball
2-2: Hit by Pitch
Javier Seco scores
Bill Dixon to third
Dewitt Hopper to second
Batting: RHB Woong Byeon 0-0: Foul Ball, location: 2F
0-1: Ball
1-1: Ball
2-1: Fly out, F9 (Flyball, 9, EV 90.6 MPH)
Bottom of the 1st over - 3 runs, 3 hits, 0 errors, 3 left on base; Portland 0 - Northern Virginia 3
TOP OF THE 2ND
Portland Evergreens batting - Pitching for Northern Virginia Rainbow Mermaids : RHP Jason Starkey
Batting: LHB Vicente Gomillion 0-0: Ball
1-0: Ball
2-0: Swinging Strike
2-1: Ball
3-1: Base on Balls
Batting: RHB David Milliken 0-0: Ball
1-0: Fielders Choice at 2nd, 6-4 (Groundball, 6S, EV 86.9 MPH)
Batting: RHB Dylan Stavely 0-0: Ball
1-0: Ball
2-0: Foul Ball, location: 2F
2-1: Called Strike
2-2: Strikes out swinging
Batting: RHB Gabriel Luzuriaga 0-0: Ball
1-0: Called Strike
1-1: Called Strike
1-2: Ball
2-2: Ball
3-2: Fly out, F8 (Line Drive, 8RM, EV 96.9 MPH)
Top of the 2nd over - 0 runs, 0 hits, 0 errors, 1 left on base; Portland 0 - Northern Virginia 3
BOTTOM OF THE 2ND
Northern Virginia Rainbow Mermaids batting - Pitching for Portland Evergreens : RHP Robert Smalls
Batting: LHB Jeff Washington 0-0: Ground out 6-3 (Groundball, 56, EV 102.5 MPH)
Batting: LHB Tony Goodwin 0-0: SINGLE (Line Drive, 56, EV 105.6 MPH)
Batting: RHB Manuel Márquez 0-0: Ball
1-0: Ball
2-0: Foul Ball, location: 2F
2-1: Grounds into double play, 6-4-3 (Groundball, 6M, EV 106.9 MPH)
Bottom of the 2nd over - 0 runs, 1 hit, 0 errors, 0 left on base; Portland 0 - Northern Virginia 3
TOP OF THE 3RD
Portland Evergreens batting - Pitching for Northern Virginia Rainbow Mermaids : RHP Jason Starkey
Batting: RHB Richard Jost 0-0: Ground out 6-3 (Groundball, 6, EV 83.1 MPH)
Batting: LHB Fernando Soto 0-0: Foul Ball, location: 2F
0-1: SOLO HOME RUN (Flyball, 9D, EV 102.5 MPH), Distance : 379 ft
Batting: RHB Kameron Guangorena 0-0: Ball
1-0: Ball
2-0: Called Strike
2-1: Ball
3-1: Base on Balls
Batting: SHB Tetsu Matsumoto 0-0: Called Strike
0-1: Ball
1-1: Fielders Choice at 2nd, 3-6 (Groundball, 3S, EV 83.8 MPH)
Batting: RHB Karl Blanke 0-0: Ball
1-0: Swinging Strike
1-1: Ball
2-1: Foul Ball, location: 2F
2-2: 2-RUN HOME RUN (Flyball, 7D, EV 96.9 MPH), Distance : 379 ft
Batting: LHB Vicente Gomillion 0-0: Called Strike
0-1: Ball
1-1: Fly out, F8 (Flyball, 8LXD, EV 98.8 MPH)
Top of the 3rd over - 3 runs, 2 hits, 0 errors, 0 left on base; Portland 3 - Northern Virginia 3
BOTTOM OF THE 3RD
Northern Virginia Rainbow Mermaids batting - Pitching for Portland Evergreens : RHP Robert Smalls
Batting: LHB Javier Seco 0-0: Ball
1-0: Ball
2-0: Ball
3-0: Base on Balls
Batting: RHB Dao-zi Zhan 0-0: Ball
1-0: Ball
2-0: Ball
3-0: Base on Balls
Javier Seco to second
Batting: LHB Bill Dixon 0-0: Foul Ball, location: 2F
0-1: Reached on error, E9 (Flyball, 9LS, EV 90.0 MPH)
Javier Seco to third
Dao-zi Zhan to second
Batting: LHB Dewitt Hopper 0-0: Called Strike
0-1: Ball
1-1: Foul Ball, location: 2F
1-2: Ball
2-2: Foul Ball, location: 2F
2-2: Foul Ball, location: 2F
2-2: Ball
3-2: Base on Balls
Javier Seco scores
Dao-zi Zhan to third
Bill Dixon to second
Batting: LHB Sherman Kline 0-0: Ball
1-0: SINGLE (Line Drive, 3D, EV 99.4 MPH)
Dao-zi Zhan scores
Bill Dixon to third
Dewitt Hopper to second
Batting: RHB Woong Byeon 0-0: Ball
1-0: Grounds into fielders choice 6-2 (Groundball, 6S, EV 88.1 MPH)
Dewitt Hopper to third
Sherman Kline to second
Batting: LHB Jeff Washington 0-0: Ball
1-0: Foul Ball, location: 2F
1-1: Swinging Strike
1-2: Foul Ball, location: 2F
1-2: Grounds into fielders choice 4-2 (Groundball, 4, EV 88.1 MPH)
Sherman Kline to third
Woong Byeon to second
Batting: LHB Tony Goodwin 0-0: Ball
1-0: Ball
2-0: SINGLE (Line Drive, 7LS, EV 110.0 MPH)
Sherman Kline scores
Woong Byeon to third
Jeff Washington to second
Runner from 3rd tries for Home, SAFE, throw by LF to home
Pitching: RHP Li-chi Lou
Batting: RHB Manuel Márquez 0-0: Foul Ball, location: 2F
0-1: Fly out, F8 (Flyball, 8RD, EV 86.2 MPH)
Bottom of the 3rd over - 4 runs, 2 hits, 1 error, 2 left on base; Portland 3 - Northern Virginia 7
TOP OF THE 4TH
Portland Evergreens batting - Pitching for Northern Virginia Rainbow Mermaids : RHP Jason Starkey
Batting: RHB David Milliken 0-0: Ball
1-0: Ball
2-0: SINGLE (Groundball, 56D, EV 105.0 MPH)
Batting: RHB Dylan Stavely 0-0: Ball
1-0: Ball
2-0: Called Strike
2-1: Ball
3-1: SINGLE (Groundball, 6MD, EV 104.4 MPH)
David Milliken to second
Batting: RHB Gabriel Luzuriaga 0-0: Ball
1-0: Called Strike
1-1: Foul Ball, location: 2F
1-2: Ball
Wild Pitch!
David Milliken to third
Dylan Stavely to second
2-2: Ball
3-2: SINGLE (Line Drive, 89M, EV 91.2 MPH)
David Milliken scores
Dylan Stavely to third
Batting: RHB Richard Jost 0-0: Ball
1-0: DOUBLE (Line Drive, 89D, EV 104.4 MPH)
Dylan Stavely scores
Gabriel Luzuriaga to third
Batting: LHB Fernando Soto 0-0: Called Strike
0-1: Called Strike
0-2: Foul Ball, location: 2F
0-2: TRIPLE (Flyball, 89XD, EV 100.6 MPH)
Gabriel Luzuriaga scores
Richard Jost scores
Pitching: RHP Jerry Kumpf
Batting: RHB Kameron Guangorena 0-0: Ball
1-0: Ball
2-0: Swinging Strike
2-1: Ball
3-1: DOUBLE (Flyball, 8RXD, EV 107.5 MPH)
Fernando Soto scores
Batting: SHB Tetsu Matsumoto 0-0: Ground out 4-3 (Groundball, 4, EV 89.4 MPH)
Kameron Guangorena to third
Batting: RHB Karl Blanke 0-0: Called Strike
0-1: Ball
1-1: Called Strike
1-2: Ball
2-2: Foul Ball, location: 2F
2-2: Foul Ball, location: 2F
2-2: Ball
3-2: Foul Ball, location: 2F
3-2: Base on Balls
Batting: LHB Vicente Gomillion 0-0: Ball
1-0: Called Strike
1-1: Foul Ball, location: 2F
1-2: Ball
2-2: Foul Ball, location: 2F
2-2: Foul Ball, location: 2F
2-2: SINGLE (Flyball, 7LS, EV 92.5 MPH)
Kameron Guangorena scores
Karl Blanke to second
Batting: RHB David Milliken 0-0: Swinging Strike
0-1: Foul Ball, location: 2F
0-2: Ball
1-2: Strikes out swinging
Batting: RHB Dylan Stavely 0-0: Called Strike
0-1: Foul Ball, location: 2F
0-2: Strikes out swinging
Top of the 4th over - 6 runs, 7 hits, 0 errors, 2 left on base; Portland 9 - Northern Virginia 7
BOTTOM OF THE 4TH
Northern Virginia Rainbow Mermaids batting - Pitching for Portland Evergreens : RHP Li-chi Lou
Batting: LHB Javier Seco 0-0: Ball
1-0: Ball
2-0: Ball
3-0: Base on Balls
Batting: RHB Dao-zi Zhan 0-0: Called Strike
0-1: Ball
1-1: Ball
2-1: Ball
3-1: Swinging Strike
3-2: Base on Balls
Javier Seco to second
Batting: LHB Bill Dixon 0-0: Ball
1-0: Ball
2-0: Foul Ball, location: 2F
2-1: Grounds into double play, 6-4-3 (Groundball, 6, EV 86.9 MPH)
Javier Seco to third
Batting: LHB Dewitt Hopper 0-0: Called Strike
0-1: Ball
1-1: Fly out, F9 (Flyball, 9S, EV 88.8 MPH)
Bottom of the 4th over - 0 runs, 0 hits, 0 errors, 1 left on base; Portland 9 - Northern Virginia 7
TOP OF THE 5TH
Portland Evergreens batting - Pitching for Northern Virginia Rainbow Mermaids : RHP Jerry Kumpf
Batting: RHB Gabriel Luzuriaga 0-0: Foul Ball, location: 2F
0-1: Ball
1-1: Foul Ball, location: 2F
1-2: Ball
2-2: Ground out 5-3 (Groundball, 56S, EV 65.0 MPH)
Batting: RHB Richard Jost 0-0: Ball
1-0: DOUBLE (Flyball, 8RXD, EV 105.6 MPH)
Batting: LHB Fernando Soto 0-0: Called Strike
0-1: Ball
1-1: Foul Ball, location: 2F
1-2: Fly out, F7 (Flyball, 7, EV 84.4 MPH)
Batting: RHB Kameron Guangorena 0-0: Foul Ball, location: 2F
0-1: Foul Ball, location: 2F
0-2: Strikes out swinging
Top of the 5th over - 0 runs, 1 hit, 0 errors, 1 left on base; Portland 9 - Northern Virginia 7
BOTTOM OF THE 5TH
Northern Virginia Rainbow Mermaids batting - Pitching for Portland Evergreens : RHP Li-chi Lou
Batting: LHB Sherman Kline 0-0: SINGLE (Flyball, 9S, EV 93.1 MPH)
Batting: RHB Woong Byeon 0-0: Ball
1-0: Swinging Strike
1-1: Ball
2-1: Ball
3-1: Called Strike
Sherman Kline is caught stealing 2nd base 2-4
3-2: Ground out 6-3 (Groundball, 6S, EV 83.8 MPH)
Batting: LHB Jeff Washington 0-0: Ground out 5-3 (Groundball, 56, EV 98.1 MPH)
Bottom of the 5th over - 0 runs, 1 hit, 0 errors, 0 left on base; Portland 9 - Northern Virginia 7
TOP OF THE 6TH
Portland Evergreens batting - Pitching for Northern Virginia Rainbow Mermaids : RHP Jerry Kumpf
Batting: SHB Tetsu Matsumoto 0-0: Called Strike
0-1: Foul Ball, location: 2F
0-2: Ground out 4-3 (Groundball, 4, EV 109.4 MPH)
Batting: RHB Karl Blanke 0-0: Foul Ball, location: 2F
0-1: Ball
1-1: SINGLE (Groundball, 6MD, EV 100.6 MPH)
Pitching: RHP Shang-de Fu
Batting: LHB Vicente Gomillion 0-0: 2-RUN HOME RUN (Flyball, 9D, EV 107.5 MPH), Distance : 368 ft
Batting: RHB David Milliken 0-0: Ball
1-0: Ball
2-0: Called Strike
2-1: Foul Ball, location: 2F
2-2: Ball
3-2: Strikes out swinging
Batting: RHB Dylan Stavely 0-0: Called Strike
0-1: Foul Ball, location: 2F
0-2: Ball
1-2: Ground out 4-3 (Groundball, 4, EV 86.2 MPH)
Top of the 6th over - 2 runs, 2 hits, 0 errors, 0 left on base; Portland 11 - Northern Virginia 7
BOTTOM OF THE 6TH
Northern Virginia Rainbow Mermaids batting - Pitching for Portland Evergreens : RHP Li-chi Lou
Batting: LHB Tony Goodwin 0-0: Called Strike
0-1: Ball
1-1: Called Strike
1-2: Fly out, F9 (Flyball, 9S, EV 90.6 MPH)
Batting: RHB Manuel Márquez 0-0: Ball
1-0: Fly out, F8 (Flyball, 8RXD, EV 93.8 MPH)
Batting: LHB Javier Seco 0-0: Called Strike
0-1: Ball
1-1: Fly out, F7 (Flyball, 7S, EV 83.8 MPH)
Bottom of the 6th over - 0 runs, 0 hits, 0 errors, 0 left on base; Portland 11 - Northern Virginia 7
TOP OF THE 7TH
Portland Evergreens batting - Pitching for Northern Virginia Rainbow Mermaids : RHP Shang-de Fu
Batting: RHB Gabriel Luzuriaga 0-0: Swinging Strike
0-1: SINGLE (Groundball, 56S, EV 62.5 MPH) (infield hit)
Batting: RHB Richard Jost 0-0: Ball
1-0: Bunted foul
1-1: Sac Bunt to P - play at first, batter OUT! 1-4
Gabriel Luzuriaga to second
Batting: LHB Fernando Soto 0-0: Called Strike
0-1: Ball
1-1: Ball
2-1: Ball
3-1: Ground out 4-3 (Groundball, 4, EV 81.2 MPH)
Gabriel Luzuriaga to third
Batting: RHB Kameron Guangorena 0-0: Ball
1-0: Called Strike
1-1: Ball
2-1: Called Strike
2-2: Ground out 5-3 (Groundball, 5S, EV 69.4 MPH)
Top of the 7th over - 0 runs, 1 hit, 0 errors, 1 left on base; Portland 11 - Northern Virginia 7
BOTTOM OF THE 7TH
Northern Virginia Rainbow Mermaids batting - Pitching for Portland Evergreens : RHP Li-chi Lou
Batting: RHB Dao-zi Zhan 0-0: Swinging Strike
0-1: Foul Ball, location: 2F
0-2: Foul Ball, location: 2F
0-2: Ball
1-2: Ball
2-2: Ball
3-2: Base on Balls
Batting: LHB Bill Dixon 0-0: Fielders Choice at 2nd, 5-4 (Groundball, 56, EV 108.8 MPH)
Batting: LHB Dewitt Hopper 0-0: Ball
1-0: Ball
2-0: Ball
3-0: Called Strike
3-1: Fly out, F7 (Flyball, 7LS, EV 92.5 MPH)
Pitching: LHP Seong-hyeon Yi
Batting: LHB Sherman Kline 0-0: Ball
1-0: Swinging Strike
1-1: Swinging Strike
1-2: Ground out 4-3 (Groundball, 34D, EV 106.9 MPH)
Bottom of the 7th over - 0 runs, 0 hits, 0 errors, 1 left on base; Portland 11 - Northern Virginia 7
TOP OF THE 8TH
Portland Evergreens batting - Pitching for Northern Virginia Rainbow Mermaids : RHP Shang-de Fu
Batting: SHB Tetsu Matsumoto 0-0: Ball
1-0: Swinging Strike
1-1: SOLO HOME RUN (Flyball, 9LD, EV 96.2 MPH), Distance : 351 ft
Batting: RHB Karl Blanke 0-0: Ground out 4-3 (Groundball, 4, EV 84.4 MPH)
Batting: LHB Vicente Gomillion 0-0: Foul Ball, location: 2F
0-1: Fly out, F6 (Popup, 6MS, EV 64.4 MPH)
Batting: RHB David Milliken 0-0: Ball
1-0: Ball
2-0: Called Strike
2-1: Foul Ball, location: 2F
2-2: Fly out, F6 (Line Drive, 6, EV 64.4 MPH)
Top of the 8th over - 1 run, 1 hit, 0 errors, 0 left on base; Portland 12 - Northern Virginia 7
BOTTOM OF THE 8TH
Northern Virginia Rainbow Mermaids batting - Pitching for Portland Evergreens : LHP Seong-hyeon Yi
Batting: RHB Woong Byeon 0-0: Ball
1-0: Called Strike
1-1: Foul Ball, location: 2F
1-2: Ball
2-2: Foul Ball, location: 2F
2-2: Strikes out swinging
Batting: LHB Jeff Washington 0-0: Ground out U3 (Groundball, 34, EV 98.1 MPH)
Batting: LHB Tony Goodwin 0-0: Ball
1-0: Ball
2-0: Swinging Strike
2-1: Ball
3-1: Ground out 6-3 (Groundball, 6, EV 81.9 MPH)
Bottom of the 8th over - 0 runs, 0 hits, 0 errors, 0 left on base; Portland 12 - Northern Virginia 7
TOP OF THE 9TH
Portland Evergreens batting - Pitching for Northern Virginia Rainbow Mermaids : RHP Shang-de Fu
Pitching: RHP Ryunosuke Kurota
Batting: RHB Dylan Stavely 0-0: Ball
1-0: Called Strike
1-1: Swinging Strike
1-2: Ground out 6-3 (Groundball, 6, EV 101.9 MPH)
Batting: RHB Gabriel Luzuriaga 0-0: Ball
1-0: Swinging Strike
1-1: Ball
2-1: Ball
3-1: Base on Balls
Batting: RHB Richard Jost 0-0: Ball
1-0: Called Strike
1-1: Grounds into double play, 4-6-3 (Groundball, 4, EV 106.2 MPH)
Top of the 9th over - 0 runs, 0 hits, 0 errors, 0 left on base; Portland 12 - Northern Virginia 7
BOTTOM OF THE 9TH
Northern Virginia Rainbow Mermaids batting - Pitching for Portland Evergreens : LHP Seong-hyeon Yi
Batting: RHB Manuel Márquez 0-0: Foul Ball, location: 2F
0-1: Ball
1-1: Ball
2-1: Fly out, F3 (Line Drive, 3, EV 72.5 MPH)
Batting: LHB Javier Seco 0-0: Called Strike
0-1: Swinging Strike
0-2: Strikes out looking
Batting: RHB Dao-zi Zhan 0-0: Called Strike
0-1: Ball
1-1: Ball
2-1: Foul Ball, location: 2F
2-2: Strikes out swinging
Bottom of the 9th over - 0 runs, 0 hits, 0 errors, 0 left on base; Portland 12 - Northern Virginia 7
Friday, March 26th, 2021 - OOTP Baseball 20.8 Build 74